 Dungeon Crawl Stone Soup version 0.22-a0-525-gf69a080 (webtiles) character file.

52 nikopol the Chopper (level 3, -1/34 HPs)
             Began as a Minotaur Berserker on June 21, 2018.
             Was a Believer of Trog.
             Slain by a gnoll
             ... wielding a cursed -2 halberd
              (8 damage)
             ... on level 2 of the Dungeon.
             The game lasted 00:01:53 (1149 turns).

nikopol the Chopper (Minotaur Berserker)            Turns: 1149, Time: 00:01:54

Health: -1/34      AC:  5    Str: 21    XL:     3   Next: 60%
Magic:  2/2        EV: 11    Int:  4    God:    Trog [**....]
Gold:   105        SH:  0    Dex: 10    Spells: 2/2 levels left

rFire    . . .     SeeInvis .   a - +0 hand axe
rCold    . . .     Gourm    .   (no shield)
rNeg     . . .     Faith    .   d - +0 ring mail
rPois    .         Spirit   .   (helmet restricted)
rElec    .         Reflect  .   (no cloak)
rCorr    .         Harm     .   (no gloves)
MR       .....                  (no boots)
Stlth    ..........             (no amulet)
HPRegen  0.11/turn              (no ring)
MPRegen  0.08/turn              (no ring)

@: no status effects
A: retaliatory headbutt, horns 2
a: Berserk, Trog's Hand, Renounce Religion


You were on level 2 of the Dungeon.
You worshipped Trog.
Trog was pleased with you.
You were hungry.

You visited 1 branch of the dungeon, and saw 2 of its levels.

You collected 105 gold pieces.

Inventory:

Hand Weapons
 a - a +0 hand axe (weapon)
Armour
 b - a +0 animal skin
 d - a +0 ring mail (worn)
Jewellery
 e - an uncursed ring of flight {unknown}
Scrolls
 f - a scroll of magic mapping {unknown}
 i - a scroll of remove curse {unknown}
 j - a scroll of identify {unknown}
 l - a scroll of teleportation {unknown}
 m - a scroll of enchant weapon {unknown}
 n - a scroll of amnesia {unknown}
Potions
 g - a potion of haste {unknown}
 h - a potion of might {unknown}
 k - 2 potions of flight {unknown}
 o - a potion of magic {unknown}
Comestibles
 c - 3 rations


   Skills:
 + Level 4.3 Fighting
 + Level 4.6 Axes
 + Level 2.8 Armour
 + Level 2.5 Dodging


You had 2 spell levels left.
You didn't know any spells.
Your spell library was empty.

Dungeon Overview and Level Annotations

Branches:
Dungeon (2/15)

Altars:


Innate Abilities, Weirdness & Mutations

You reflexively headbutt those who attack you in melee.
You have a pair of horns on your head.


Message History

You are too injured to fight recklessly!
You are too injured to fight recklessly!
You are too injured to fight recklessly!
You are too injured to fight recklessly!
You are too injured to fight recklessly!
You are too injured to fight recklessly!
You are too injured to fight recklessly!
You are too injured to fight recklessly!
You are too injured to fight recklessly!
You are too injured to fight recklessly!
You are too injured to fight recklessly!
You are too injured to fight recklessly!
You are too injured to fight recklessly!
You are too injured to fight recklessly!
The hobgoblin hits you.
* * * LOW HITPOINT WARNING * * *
The gnoll misses you.
The hobgoblin hits you but does no damage.
The gnoll hits you from afar with an enchanted halberd!
You die...

##... ..... ..#.
##.#. .... .....
..... ......
......##########
.)....†........#
.......@.....!.#
.........g.....#
.......gg......#
.....S.........#
............####
..............
...............
...............
..........####


You could see 2 gnolls, an adder and a hobgoblin.

Vanquished Creatures
  A gnoll (D:2)
  2 dart slugs
  A giant cockroach (D:1)
  4 goblins (D:1)
  4 hobgoblins
  4 jackals (D:1)
  2 quokkas (D:2)
  A ball python (D:1)
  4 bats (D:1)
  A frilled lizard (D:1)
  4 kobolds
  8 rats
36 creatures vanquished.

Notes
Turn   | Place    | Note
-------+----------+-------------------------------------------
     0 | D:1      | nikopol the Minotaur Berserker began the quest for the Orb.
     0 | D:1      | Reached XP level 1. HP: 19/19 MP: 0/0
   107 | D:1      | You fall through a shaft!
   111 | D:2      | Reached XP level 2. HP: 19/27 MP: 1/1
   814 | D:1      | Reached XP level 3. HP: 33/33 MP: 2/2
   825 | D:1      | Reached ** piety under Trog
  1149 | D:2      | Slain by a gnoll

Vault maps used:
D:1:      dpeg_arrival_ratfight, minmay_hedge_maze, minivault_27

Skill      XL: |  1  2 |
---------------+-------+-----
Fighting       | 4 |  4.3
Axes           | 4 |  4.6
Armour         | |  2.8
Dodging        | |  2.5

Action                   || total
-------------------------++-------
Melee: Hand axe          ||    53
       Headbutt          ||     8
Armor: Animal skin       ||     3
       Ring mail         ||    10
Dodge: Dodged            ||    33

Table legend:
 A = Spawn XP
 B = Non-spawn XP
 C = Spawn XP percentage of total XP
 D = Spawn monster count
 E = Non-spawn monster count
 F = Spawn count percentage of total count
 G = Total turns spent on level
                    A         B        C        D         E        F      G
               +---------+---------+-------+---------+---------+-------+---------
         Total |       0 |      75 |   0.0 |       0 |      36 |   0.0 |  1149
               +---------+---------+-------+---------+---------+-------+---------
           D:1 |       0 |      48 |   0.0 |       0 |      29 |   0.0 |   903
           D:2 |       0 |      27 |   0.0 |       0 |       7 |   0.0 |   246
               +---------+---------+-------+---------+---------+-------+---------
